 Dungeon Crawl Stone Soup version 0.31.0-12-g77e489cdc1 (webtiles) character file.

Game seed: 9807366504542489855

2515 gohu the Cleaver (level 9, -6/73 HPs)
             Began as a Minotaur Fighter on Feb 17, 2024.
             Was an Initiate of Okawaru.
             Mangled by a two-headed ogre
             ... wielding a +0 giant spiked club
              (7 damage)
             ... on level 8 of the Dungeon.
             The game lasted 00:12:35 (5267 turns).

gohu the Cleaver (Minotaur Fighter)                 Turns: 5267, Time: 00:12:36

Health: -6/73      AC: 11    Str: 31    XL:     9   Next: 29%
Magic:  8/8        EV: 14    Int:  5    God:    Okawaru [......]
Gold:   263        SH:  4    Dex: 10    Spells: 8/8 levels left

rFire   . . .        u - +2 war axe (heavy)
rCold   . . .        c - +0 buckler
rNeg    . . .        o - +0 chain mail
rPois   .            (helmet restricted)
rElec   .            (no cloak)
rCorr   .            C - +0 pair of gloves
SInv    .            (no boots)
Will    .....        m - amulet of magic regeneration Stlth
                     e - +5 ring of evasion
HPRegen 0.32/turn    y - +6 ring of strength
MPRegen 0.51/turn

%: no passive effects
@: no status effects
A: horns 2, retaliatory headbutt
a: Renounce Religion


You were on level 8 of the Dungeon.
You worshipped Okawaru.
Okawaru was noncommittal.
You visited 2 branches of the dungeon, and saw 9 of its levels.
You also visited: Sewer.

You collected 263 gold pieces.

Inventory:

Hand Weapons
 a - a +0 war axe
 j - a +1 vampiric hand axe
 u - a +2 heavy war axe (weapon)
Missiles
 g - 6 curare-tipped darts (quivered)
 B - 17 poisoned darts
 F - 3 silver javelins
Armour
 b - a +0 scale mail
 c - a +0 buckler (worn)
 o - a +0 chain mail (worn)
 C - a +0 pair of gloves (worn)
Jewellery
 e - a +5 ring of evasion (left hand)
 m - an amulet of magic regeneration (around neck)
 y - a +6 ring of strength (right hand)
Scrolls
 d - a scroll of poison
 f - 5 scrolls of teleportation {unknown}
 k - a scroll of noise
 l - a scroll of enchant armour {unknown}
 n - 2 scrolls of amnesia {unknown}
 q - 6 scrolls of identify
 v - a scroll of fog
 w - 2 scrolls of vulnerability {unknown}
 E - a scroll of silence {unknown}
Potions
 h - 2 potions of haste {unknown}
 i - 2 potions of lignification {unknown}
 p - 2 potions of brilliance {unknown}
 r - a potion of cancellation {unknown}
 s - a potion of attraction {unknown}
 t - 4 potions of heal wounds {unknown}
 x - a potion of mutation {unknown}
 z - a potion of enlightenment {unknown}
 A - 4 potions of curing {unknown}
 D - a potion of magic {unknown}


   Skills:
 - Level 4.9 Fighting
 * Level 14.0 Axes
 - Level 4.9 Armour
 - Level 4.5 Shields


You had 8 spell levels left.
You didn't know any spells.
Your spell library contained the following spells:

 Spells                   Type           Power      Damage    Failure   Level
 Swiftness                Air            0%         N/A       100%        3
 Teleport Other           Tloc           0%         N/A       100%        3
 Iskenderun's Mystic Bla  Conj/Tloc      0%         2d3       100%        4
 Disjunction              Tloc           0%         N/A       100%        8


Dungeon Overview and Level Annotations

Branches:
Dungeon (8/15)             Temple (1/1) D:6           Sewer (visited)
   Lair: D:8-11

Altars:
Ashenzari
Elyvilon
Fedhas
Gozag
Hepliaklqana
Kikubaaqudgha
Makhleb
Nemelex Xobeh
Okawaru
Ru
Sif Muna
Trog
Uskayaw
Vehumet
Wu Jian
Xom
Yredelemnul
Zin
The Shining One

Portals:
Abyss: D:6

Annotations:
D:4 exclusion: downstairs
D:5 Ijyb
D:6 2 transporters, bananaglory's ghost, novice MfBr
D:7 3 runed translucent doors, Yehuk's ghost, novice MiBe


Innate Abilities, Weirdness & Mutations

You have a pair of horns on your head.
You reflexively headbutt those who attack you in melee.


Message History

You completely miss the orc warrior.
The orc warrior is heavily wounded.
You slash the orc priest! You slash the orc wizard!
The orc priest looks braver for a moment.
You block the orc warrior's attack.
A two-headed ogre comes into view.
It is wielding a +0 giant spiked club and a +0 giant club.
The orc wizard casts a spell at you. The puff of flame misses you.
You slash the orc priest!
You kill the orc priest!
Okawaru accepts your kill.
You hit the orc warrior but do no damage.
You slice the orc wizard!!
You kill the orc wizard!
Okawaru accepts your kill.
The orc warrior hits you with a +2 short sword of freezing.
The orc warrior freezes you.
You slash the orc warrior! You headbutt the orc warrior.
You kill the orc warrior!
Okawaru accepts your kill.
Your Axes skill increases to level 14!
You block the two-headed ogre's attack. The two-headed ogre barely misses you.
Things that are here:
a +0 dagger; a +0 robe You closely miss the two-headed ogre.
You headbutt the two-headed ogre.
The two-headed ogre is lightly wounded.
The two-headed ogre hits you with a +0 giant spiked club!
The two-headed ogre barely misses you.
You slash the two-headed ogre! You headbutt the two-headed ogre!
The two-headed ogre is heavily wounded.
The two-headed ogre hits you with a +0 giant spiked club!!
The two-headed ogre hits you with a +0 giant club!!
* * * LOW HITPOINT WARNING * * *
You are too injured to fight recklessly!
You slash the two-headed ogre!
The two-headed ogre is severely wounded.
The two-headed ogre hits you with a +0 giant spiked club!!
* * * LOW HITPOINT WARNING * * *
The two-headed ogre hits you with a +0 giant club!
You die...

#
#.##.......#..##
#
.......>........
# ....8.....8...#
#.#...........#
......8.8.....##.
......(..........
....8...))8...##.
.......<.@O......
...#.......#.....
##.....## ###
#######


You could see a two-headed ogre.

Vanquished Creatures
  A water moccasin (D:6)
  An orc warrior (D:8)
  A sky beast (D:4)
  A black bear (D:6)
  3 ice beasts
  A centaur (D:6)
  3 kobold brigands
  3 bullfrogs
  5 wights
  3 killer bees (D:6)
  2 bombardier beetles
  2 howler monkeys
  5 jellies
  2 hounds
  7 orc priests
  A sleepcap (D:4)
  3 orc wizards
  3 iguanas
  A hell rat (Sewer)
  3 gnolls (D:2)
  2 adders
  5 river rats
  A shadow imp (D:6)
  A white imp (D:7)
  2 ufetubi (D:6)
  A ribbon worm (D:2)
  2 dart slugs
  14 orcs
  5 ball pythons
  7 bats
  6 endoplasms
  3 giant cockroaches (D:4)
  6 goblins
  8 hobgoblins
  3 jackals (D:4)
  5 quokkas
  4 frilled lizards
  20 kobolds
  9 rats
155 creatures vanquished.

Notes
Turn   | Place    | Note
-------+----------+-------------------------------------------
     0 | D:1      | gohu the Minotaur Fighter began the quest for the Orb.
     0 | D:1      | Reached XP level 1. HP: 19/19 MP: 0/0
    72 | D:1      | Found a faded altar of an unknown god.
    81 | D:1      | Noticed a golden eye
    81 | D:1      | Noticed an eye of devastation
    82 | D:1      | Noticed a golden eye
    82 | D:1      | Noticed a great orb of eyes
   180 | D:1      | Reached XP level 2. HP: 27/27 MP: 1/1
  1136 | D:2      | Reached skill level 3 in Axes
  1136 | D:2      | Reached XP level 3. HP: 21/33 MP: 2/2
  1424 | D:2      | You fall into a shaft and drop 2 floors!
  1480 | D:4      | Reached XP level 4. HP: 41/41 MP: 3/3
  1568 | D:4      | Reached skill level 4 in Axes
  1593 | D:4      | Found a glowing drain.
  1607 | D:4      | Reached XP level 5. HP: 47/47 MP: 4/4
  1613 | Sewer    | Entered a sewer
  2025 | D:3      | Reached skill level 5 in Axes
  2188 | D:3      | Reached XP level 6. HP: 55/55 MP: 5/5
  3052 | D:5      | Entered Level 5 of the Dungeon
  3069 | D:4      | Noticed a sky beast
  3078 | D:4      | Killed a sky beast
  3079 | D:4      | Reached skill level 6 in Axes
  3087 | D:4      | Found a white marble altar of Elyvilon.
  3201 | D:4      | Reached skill level 7 in Axes
  3419 | D:5      | Noticed Ijyb
  3430 | D:4      | Reached XP level 7. HP: 56/60 MP: 6/6
  3648 | D:4      | Reached skill level 8 in Axes
  3815 | D:5      | Paralysed by Ijyb for 2 turns
  3922 | D:6      | Reached skill level 9 in Axes
  4062 | D:6      | Reached XP level 8. HP: 67/67 MP: 7/7
  4065 | D:6      | Reached skill level 10 in Axes
  4174 | D:6      | Reached skill level 11 in Axes
  4181 | D:6      | Found a burning altar of Makhleb.
  4298 | D:6      | Found a transporter.
  4309 | D:6      | Noticed a large abomination
  4315 | D:6      | Noticed bananaglory's ghost (novice MfBr)
  4354 | D:6      | Reached skill level 12 in Axes
  4396 | D:6      | Found a burning altar of Makhleb.
  4511 | D:7      | Found a sparkling altar of Nemelex Xobeh.
  4573 | D:6      | Reached skill level 13 in Axes
  4573 | D:6      | Reached XP level 9. HP: 69/73 MP: 8/8
  4655 | D:6      | Found a one-way gate to the infinite horrors of the Abyss.
  4665 | D:6      | Found a transporter.
  4692 | D:6      | Found a staircase to the Ecumenical Temple.
  4701 | Temple   | Entered the Ecumenical Temple
  4707 | Temple   | Became a worshipper of Warmaster Okawaru
  5080 | D:6      | Found an ancient bone altar of Kikubaaqudgha.
  5156 | D:7      | Noticed Yehuk's ghost (novice MiBe)
  5157 | D:7      | Found a runed translucent gate.
  5160 | D:7      | Got the Encyclopedia of Fumes and the Vector
  5161 | D:7      | Found a runed translucent gate.
  5162 | D:7      | Found a runed translucent gate.
  5261 | D:8      | Noticed a two-headed ogre
  5264 | D:8      | Reached skill level 14 in Axes
  5267 | D:8      | HP: 1/73 [two-headed ogre/+0 giant spiked club (20)]
  5267 | D:8      | Mangled by a two-headed ogre

Illustrated notes

Levels and vault maps discovered:
D:1:      dpeg_arrival_signposts, layout_basic,
          hellmonk_ecumenical_altar_watching_god
D:2:      layout_basic, serial_bayou_pond_b
D:3:      layout_basic, guppyfry_early_orc_mine
D:4:      layout_basic, elyvilon_altar_3, gup_sewer_entry_bubbles
D:5:      layout_rooms, serial_shops, nicolae_shop_bloodbath_and_beyond,
          uniq_ijyb
D:6:      layout_loops_corners, lemuel_tele_altar, makhleb_grotto_becter,
          minmay_temple_entry_antechambers, gammafunk_ghost_abyssal_escape,
          corexii_corridor_pit, minmay_ruined_shrine
D:7:      layout_loops_ring, nemelex_diamond_rough_becter,
          nicolae_dithmenos_the_darkroom, gammafunk_ghost_split,
          roderic_cross_of_infinity
D:8:      layout_basic, david_lair_shrubbed, grunt_ministairs_10,
          roderic_nine_men_s_morris, dk_noncrumbling_2
Temple:   hellmonk_temple_two_chambers

Skill      XL: |  1  2  3  4  5  6  7  8  9 |
---------------+----------------------------+-----
Fighting       | 4 |  4.9
Armour         | 4 |  4.9
Axes           | 3 4 5 7 9 13 14 | 14.0
Shields        | 4 |  4.5

Action                     |  1- 3 |  4- 6 |  7- 9 || total
---------------------------+-------+-------+-------++-------
  Melee: War axe           |     9 |    45 |   113 ||   167
         Hand axe          |    51 |    84 |       ||   135
         Headbutt          |     9 |    22 |    19 ||    50
  Throw: Dart              |       |     6 |     1 ||     7
    Use: Scroll            |     5 |       |       ||     5
         Potion            |       |       |     1 ||     1
 Armour: Scale mail        |    28 |       |       ||    28
         Chain mail        |    17 |    59 |    72 ||   148
  Dodge: Dodged            |    22 |    58 |    81 ||   161
  Block: Buckler           |    10 |    24 |    30 ||    64
